 Dungeon Crawl Stone Soup version 0.23-a0-629-gae4348f (webtiles) character file.

91 galech the Skirmisher (level 4, -1/35 HPs)
             Began as a Demonspawn Fighter on Dec 26, 2018.
             Slain by a gnoll
             ... wielding a +0 flail
              (3 damage)
             ... on level 2 of the Dungeon.
             The game lasted 00:01:36 (1998 turns).

galech the Skirmisher (Demonspawn Fighter)          Turns: 1998, Time: 00:01:37

Health: -1/35      AC:  6    Str: 17    XL:     4   Next: 33%
Magic:  0/4        EV:  7    Int:  9    God:
Gold:   67         SH:  9    Dex: 13    Spells: 3/3 levels left

rFire    . . .     SeeInvis .   a - +0 war axe
rCold    + . .     Gourm    .   c - +0 shield
rNeg     . . .     Faith    .   b - +0 scale mail
rPois    .         Spirit   +   (no helmet)
rElec    .         Reflect  .   (no cloak)
rCorr    .         Harm     .   (no gloves)
MR       .....                  (no boots)
Stlth    ..........             (no amulet)
HPRegen  0.11/turn              (no ring)
MPRegen  0.18/turn              (no ring)

@: no status effects
A: cold resistance 1, magic shield, magic regeneration
a: no special abilities


You were on level 2 of the Dungeon.
You were near starving.

You visited 1 branch of the dungeon, and saw 2 of its levels.

You collected 67 gold pieces.

Inventory:

Hand Weapons
 a - a +0 war axe (weapon)
Armour
 b - a +0 scale mail (worn)
 c - a +0 shield (worn)
Scrolls
 e - a scroll of blinking {unknown}
 i - 2 scrolls of identify {unknown}
 j - a scroll of enchant armour {unknown}
 k - a scroll of fear {unknown}
Potions
 d - a potion of might
 g - a potion of degeneration {unknown}
 h - 2 potions of lignification {unknown}
 l - a potion of cancellation {unknown}
Comestibles
 f - 2 rations


   Skills:
 + Level 3.4 Fighting
 + Level 2.9 Axes
 + Level 3.3 Armour
 + Level 0.4 Dodging
 + Level 3.0 Shields


You had 3 spell levels left.
You didn't know any spells.
Your spell library was empty.

Dungeon Overview and Level Annotations

Branches:
Dungeon (2/15)

Altars:


Innate Abilities, Weirdness & Mutations

Your flesh is cold resistant. (rC+)
When hurt, damage is shared between your health and your magic reserves.
You regenerate magic rapidly.


Message History

You closely miss the gnoll. The gnoll hits you but does no damage.
You closely miss the gnoll. The gnoll hits you with a +0 flail.
You block the gnoll's attack.
You closely miss the gnoll. The gnoll hits you with a +0 flail.
* * * LOW HITPOINT WARNING * * *
You hit the gnoll.
The gnoll is moderately wounded.
The gnoll hits you but does no damage.
You hit the gnoll.
The gnoll is heavily wounded.
The gnoll hits you with a +0 flail.
* * * LOW HITPOINT WARNING * * *
You hit the gnoll.
The gnoll is heavily wounded.
The gnoll hits you with a +0 flail.
* * * LOW HITPOINT WARNING * * *
You hit the gnoll.
The gnoll is severely wounded.
The gnoll hits you with a +0 flail.
You die...

#. #.# #.# #.##########
#..........#
#..........#
#..........##+#
###.(........##.####.###
.(((.........'..@g......
.###.........##.####.###
.# #.........##.#
...............%.
.###.........##.## .#
#.........##.# .#
#.........##.. ..
.....#######$. ..


You could see a gnoll.

Vanquished Creatures
  6 gnolls
  A worm (D:2)
  An orc (D:2)
  3 goblins (D:1)
  4 hobgoblins
  6 kobolds
  A quokka (D:2)
  7 bats
  3 rats (D:1)
32 creatures vanquished.

Notes
Turn   | Place    | Note
-------+----------+-------------------------------------------
     0 | D:1      | galech the Demonspawn Fighter began the quest for the Orb.
     0 | D:1      | Reached XP level 1. HP: 18/18 MP: 1/1
   197 | D:1      | Gained mutation: When hurt, damage is shared between your
                  | health and your magic reserves. [demonic ancestry]
   197 | D:1      | Reached XP level 2. HP: 14/24 MP: 2/2
   698 | D:1      | Gained mutation: Your flesh is cold resistant. (rC+)
                  | [demonic ancestry]
   698 | D:1      | Reached XP level 3. HP: 24/29 MP: 3/3
  1764 | D:2      | Gained mutation: You regenerate magic rapidly. [demonic
                  | ancestry]
  1764 | D:2      | Reached XP level 4. HP: 5/35 MP: 1/4
  1998 | D:2      | Slain by a gnoll

Vault maps used:
D:1:      dpeg_arrival_short_road

Skill      XL: |  1  2  3 |
---------------+----------+-----
Axes           | 2 |  2.9
Armour         | 3 |  3.3
Shields        | 3 |  3.0
Fighting       | |  3.4
Dodging        | |  0.4

Action                   |  1- 3 |  4- 6 || total
-------------------------+-------+-------++-------
Melee: War axe           |   107 |    22 ||   129
  Eat: Chunk             |     2 |       ||     2
Armor: Scale mail        |    59 |     5 ||    64
Dodge: Dodged            |    39 |     4 ||    43
Block: Shield            |    64 |     5 ||    69

Table legend:
 A = Non-vault XP
 B = Vault XP
 C = Vault XP percentage of total XP
 D = Non-vault monster count
 E = Vault monster count
 F = Vault count percentage of total count
                 A         B        C        D         E       F
            +---------+---------+-------+---------+---------+-------
      Total |     130 |       0 |   0.0 |      32 |       0 |   0.0
            +---------+---------+-------+---------+---------+-------
        D:1 |      71 |       0 |   0.0 |      21 |       0 |   0.0
        D:2 |      59 |       0 |   0.0 |      11 |       0 |   0.0
            +---------+---------+-------+---------+---------+-------
